 Dungeon Crawl Stone Soup version 0.31-a0-331-geda263fcf1 (webtiles) character file.

Game seed: 16139656993740859134

4389 Shard1697 the Grappler (level 10, -2/83 HPs)
             Began as a White Draconian Shapeshifter on July 20, 2023.
             Was a Believer of Makhleb.
             Slain by a wight
             ... wielding a +1 morningstar of freezing
              (10 damage)
             ... on level 9 of the Dungeon.
             The game lasted 00:16:54 (7856 turns).

Shard1697 the Grappler (DrSh)                       Turns: 7856, Time: 00:16:55

Health: -2/83      AC: 11    Str: 17    XL:     10   Next: 13%
Magic:  10/10      EV: 10    Int:  9    God:    Makhleb [**....]
Gold:   159        SH: 11    Dex: 16    Spells: 9/9 levels left

rFire   . .          .
                       - Unarmed
rCold   + . .        A - +2 kite shield
rNeg    . . .        (body armour unavailable)
rPois   .            (helmet restricted)
rElec   .            c - +2 cloak {Will+}
rCorr   .            s - +0 pair of gloves
SInv    .            (no boots)
Will    +....        (no amulet)
Stlth   +            (no ring)
HPRegen 0.33/turn    (no ring)
MPRegen 0.12/turn

%: no passive effects
@: short of breath, maw-form
A: devouring maw, breathe frost, AC +7, unfitting armour, cold resistance 1,
cold-blooded
a: Breathe Frost, Begin Untransformation, Renounce Religion, Minor Destruction


You were on level 9 of the Dungeon.
You worshipped Makhleb.
Makhleb was pleased with you.
You were a creature with a mouth for a stomach.
You visited 2 branches of the dungeon, and saw 10 of its levels.
You also visited: Sewer.

You collected 489 gold pieces.
You spent 330 gold pieces at shops.

Inventory:

Armour
 c - a +2 cloak of willpower (worn)
 p - a scarf of invisibility
 s - a +0 pair of gloves (worn)
 A - a +2 kite shield (worn)
 C - a +0 pair of boots
Talismans
 b - a beast talisman
 r - a maw talisman
 y - a blade talisman
Wands
 f - a wand of roots (19)
 v - a wand of mindburst (9)
 w - a wand of paralysis (10)
Scrolls
 g - a scroll of amnesia
 h - 3 scrolls of silence
 i - a scroll of fog
 k - 3 scrolls of teleportation
 l - a scroll of revelation
 x - a scroll of blinking
 z - 2 scrolls of identify
Potions
 a - 3 potions of lignification
 d - a potion of might
 e - 5 potions of curing
 j - 2 potions of haste
 n - a potion of resistance
 o - 2 potions of cancellation
 q - a potion of brilliance
 t - a potion of attraction
 u - a potion of mutation
 B - a potion of enlightenment


   Skills:
 + Level 6.0 Fighting
 - Level 1.7 Dodging
 + Level 2.0 Shields
 * Level 9.6 Unarmed Combat
 - Level 9.0 Shapeshifting


You had 9 spell levels left.
You didn't know any spells.
Your spell library contained the following spells:

 Spells                   Type           Power      Damage    Failure   Level
 Wereblood                Tmut           0%         N/A       87%         2
 Dazzling Flash           Conj/Hex       0%         N/A       98%         3
 Tukima's Dance           Hex            0%         N/A       98%         3
 Passage of Golubria      Tloc           0%         N/A       100%        4
 Agony                    Necr           0%         N/A       100%        5
 Irradiate                Conj/Tmut      0%         3d11      100%        5
 Silence                  Hex/Air        0%         N/A       100%        5
 Yara's Violent Unravell  Hex/Tmut       0%         3d3       100%        5


Dungeon Overview and Level Annotations

Branches:
Dungeon (9/15)             Temple (1/1) D:4           Sewer (visited)
   Lair: D:8-11         Orc: D:9-12

Altars:
Ashenzari
Cheibriados
Dithmenos
Elyvilon
Fedhas
Gozag
Hepliaklqana
Kikubaaqudgha
Makhleb
Nemelex Xobeh
Qazlal
Ru
Sif Muna
Trog
Uskayaw
Vehumet
Wu Jian
Xom
Yredelemnul
Zin
The Shining One

Shops:
D:6 (   D:7 !

Annotations:
D:9 1 transporter


Innate Abilities, Weirdness & Mutations

You are a creature with a mouth for a stomach.
Your midsection houses a second, enormous mouth.
You can breathe waves of freezing cold which knock back foes.
Your icy white scales are hard. (AC +7)
You cannot fit into any form of body armour.
Your flesh is cold resistant. (rC+)
You are cold-blooded and may be slowed by cold attacks.


Message History

There is a stone staircase leading down here.
You closely miss the sixfirhy. Your bite misses the sixfirhy.
You hit the sixfirhy.
You tail-slap the sixfirhy, but do no damage.
The sixfirhy is lightly wounded.
The sixfirhy hits you. The sixfirhy shocks you!
You block the sixfirhy's attack.
You closely miss the sixfirhy. Your bite misses the sixfirhy.
The sixfirhy is lightly wounded.
You block the sixfirhy's attack. x2; The sixfirhy hits you.
The sixfirhy shocks you! The sixfirhy hits you. The sixfirhy shocks you!
The sixfirhy hits you. The sixfirhy shocks you!
Okay, then.
Aiming: Breathe Frost (3% risk of failure)
Press: ? - help, Shift-Dir - straight line, f - sixfirhy
Aim: a sixfirhy (lightly wounded, 33% to hit)
You fail to use your ability.
The sixfirhy hits you!
* * * LOW HITPOINT WARNING * * *
The sixfirhy shocks you!
* * * LOW HITPOINT WARNING * * *
Aiming: Breathe Frost (3% risk of failure)
Press: ? - help, Shift-Dir - straight line, f/p - sixfirhy
Aim: a sixfirhy (33% to hit)
You exhale a wave of freezing cold.
The freezing breath hits the sixfirhy!
The sixfirhy is moderately wounded.
The sixfirhy is knocked back by the freezing wind.
The freezing breath misses the sixfirhy.
You climb downwards.
Level annotation: 1 transporter
There is a stone staircase leading up here.
Okay, then.
Found an escape hatch in the floor.
Found a stone staircase leading down.
A wight comes into view.
It is wielding a +1 morningstar of freezing.
Okay, then.
Blink to where?
Press: ? - help, Dir - move target
Found an escape hatch in the ceiling.
As you read the scroll of blinking, it crumbles to dust.
The wight hits you with a +1 morningstar of freezing!
You die...

#......©#©
#.......#. <#
#......8# .
#)####### ##.
#.## #.. #..##
..#######
##..#
#........ ##.#
#........
#.###
#Wz......
#...##
#........
###..###
#..>.####
##...#
####....##
###.## .##..#
#..### ##
###.# ##.#<#
#..# #.#
##########.#.#
#....###.#
.....!.......#
#§§§...<.##


You could see a wight.

Vanquished Creatures
  Pikel (D:7)
  Maurice (D:9)
  A hornet (D:8)
  Sigmund (D:2)
  Edmund (D:5)
  A water moccasin (D:6)
  3 orc warriors
  A black bear (D:5)
  An ice beast (D:6)
  4 ogres
  2 centaurs
  A lemure (D:7)
  A phantom (D:5)
  2 kobold brigands
  A bullfrog (D:6)
  2 gnoll sergeants
  5 scorpions
  8 wights
  4 howler monkeys
  A hound (D:5)
  3 orc priests
  A jelly (D:5)
  4 iguanas
  A sleepcap (D:7)
  Terence (D:2)
  4 orc wizards
  12 gnolls
  3 river rats (Sewer)
  11 adders
  2 shadow imps (D:6)
  2 white imps
  An ufetubus (D:5)
  3 dart slugs
  24 orcs
  7 ball pythons
  6 endoplasms
  10 giant cockroaches
  5 goblins
  12 hobgoblins
  2 jackals (Sewer)
  19 kobolds
  11 quokkas
  8 bats
  10 frilled lizards
  9 rats
213 creatures vanquished.

Vanquished Creatures (others)
  An orc (D:4)
1 creature vanquished.

Grand Total: 214 creatures vanquished

Notes
Turn   | Place    | Note
-------+----------+-------------------------------------------
     0 | D:1      | Shard1697 the Draconian Shapeshifter began the quest for
                  | the Orb.
     0 | D:1      | Reached XP level 1. HP: 17/17 MP: 1/1
   152 | D:1      | Reached XP level 2. HP: 24/24 MP: 2/2
   324 | D:1      | Reached XP level 3. HP: 27/29 MP: 3/3
   608 | D:2      | Noticed Terence
   621 | D:2      | Killed Terence
   622 | D:2      | Reached XP level 4. HP: 18/36 MP: 4/4
   918 | D:2      | Noticed Sigmund
   928 | D:2      | Killed Sigmund
   929 | D:2      | Reached XP level 5. HP: 33/41 MP: 5/5
  1138 | D:3      | Found a faded altar of an unknown god.
  1373 | D:3      | Reached XP level 6. HP: 49/49 MP: 6/6
  2002 | D:4      | Your scales start taking on an icy white colour.
  2002 | D:4      | Reached XP level 7. HP: 25/56 MP: 7/7
  2002 | D:4      | Gained mutation: Your flesh is cold resistant. (rC+) [White
                  | Draconian growth]
  2074 | D:4      | Found a glowing drain.
  2086 | Sewer    | Entered a sewer
  2787 | D:4      | Reached skill level 5 in Shapeshifting
  2808 | D:4      | Identified the +2 trident of Resourcefulness {freeze, rElec
                  | Dex+3}
  2969 | D:4      | Found a staircase to the Ecumenical Temple.
  3054 | Temple   | Entered the Ecumenical Temple
  3064 | Temple   | Became a worshipper of Makhleb the Destroyer
  3197 | D:5      | Entered Level 5 of the Dungeon
  3197 | D:5      | Found a sacrificial altar of Ru.
  3530 | D:5      | Found a stormy altar of Qazlal.
  3531 | D:5      | Noticed an air elemental
  3531 | D:5      | Noticed a fire elemental
  3531 | D:5      | Noticed a water elemental
  3593 | D:5      | Reached XP level 8. HP: 47/62 MP: 8/8
  3812 | D:5      | Noticed Edmund
  3831 | D:5      | Killed Edmund
  3944 | D:5      | Found a blossoming altar of Fedhas.
  4738 | D:6      | Reached XP level 9. HP: 68/68 MP: 9/9
  4802 | D:6      | Reached * piety under Makhleb
  4990 | D:6      | Found Qukelig's Weapon Shoppe.
  5363 | D:7      | Found Yriewk's Distillery.
  5372 | D:7      | Bought a potion of degeneration for 11 gold pieces
  5373 | D:7      | Bought a potion of heal wounds for 55 gold pieces
  5373 | D:7      | Bought a potion of enlightenment for 55 gold pieces
  5373 | D:7      | Bought a potion of curing for 33 gold pieces
  5373 | D:7      | Bought a potion of curing for 33 gold pieces
  5373 | D:7      | Bought a potion of curing for 33 gold pieces
  5373 | D:7      | Bought a potion of haste for 110 gold pieces
  5600 | D:7      | Found a glowing silver altar of Zin.
  6265 | D:7      | Reached ** piety under Makhleb
  6316 | D:7      | Noticed Pikel
  6339 | D:7      | Killed Pikel
  6340 | D:7      | Reached skill level 5 in Fighting
  6718 | D:7      | Found an ornate altar of the Wu Jian Council.
  6811 | D:8      | Found a hazy altar of Hepliaklqana.
  7166 | D:8      | Reached skill level 1 in Shields
  7228 | D:8      | Reached XP level 10. HP: 83/83 MP: 10/10
  7470 | D:9      | Noticed a sixfirhy
  7470 | D:9      | Noticed an orange demon
  7512 | D:9      | Noticed Maurice
  7519 | D:9      | Paralysed by something for 2 turns
  7526 | D:9      | Killed Maurice
  7587 | D:9      | Found a transporter.
  7615 | D:9      | Noticed a rust devil
  7631 | D:9      | Found a white marble altar of Elyvilon.
  7846 | D:8      | HP: 4/83 [sixfirhy (12)]
  7856 | D:9      | Slain by a wight

Illustrated notes

Levels and vault maps discovered:
D:1:      co_arrival_random_square_maze, layout_rooms,
          chequers_hall_statues_corner_a
D:2:      layout_rooms, uniq_terence, uniq_sigmund
D:3:      layout_basic, chequers_ecumenical_altar_simple
D:4:      layout_rooms, minmay_temple_entry_metal_lava, gup_sewer_entry_bubbles,
          hangedman_abyss_or_decor_lesser_grid
D:5:      layout_cave_pods, nicolae_qazlal_style_of_elements,
          mainiacjoe_overflow_catch_the_wave, uniq_edmund
D:6:      layout_basic, serial_shops, nicolae_shop_tiny_real_fake_doors,
          minivault_22
D:7:      layout_loops_corners, lemuel_tele_altar, kennysheep_mini,
          serial_shops, nicolae_shop_industrial_runoff, uniq_pikel
D:8:      layout_cave_pools, nicolae_hepliaklqana_hazy_memory,
          grunt_ministairs_3
D:9:      layout_basic, elyvilon_altar_4, lair_entry_dummy, orc_0_dummy,
          serial_demonic, serial_demonic_e, serial_demonic_a, serial_demonic_b,
          serial_demonic_g, serial_demonic_g, serial_demonic_a,
          serial_demonic_g, serial_demonic_b, serial_demonic_a,
          serial_demonic_d, nicolae_shop_i_like_small_books_too,
          nicolae_diode_basic, uniq_maurice
Temple:   nicolae_temple_great_sept

Skill      XL: |  1  2  3  4  5  6  7  8  9 10 |
---------------+-------------------------------+-----
Unarmed Combat | 3 4 6 9 |  9.6
Shapeshifting  | 4 6 9 |  9.0
Fighting       | 5 6 |  6.0
Shields        | 1 2 |  2.0
Dodging        | |  1.7

Action                     |  1- 3 |  4- 6 |  7- 9 | 10-12 || total
---------------------------+-------+-------+-------+-------++-------
  Melee: Unarmed           |    87 |   137 |   364 |    33 ||   621
         Tailslap          |     6 |    13 |    49 |     4 ||    72
         Punch             |     1 |     3 |    14 |       ||    18
         Maw               |       |       |    47 |     4 ||    51
Ability: Breathe Frost     |       |       |    13 |     3 ||    16
  Evoke: Wand              |       |       |     4 |       ||     4
    Use: Scroll            |       |     6 |    12 |     3 ||    21
         Potion            |       |     2 |     5 |     1 ||     8
   Stab: Sleeping          |     1 |       |     1 |       ||     2
         Invisible         |       |     3 |     4 |       ||     7
         Paralysed         |       |       |     2 |       ||     2
 Armour: Skin              |    19 |    29 |    82 |     5 ||   135
  Dodge: Dodged            |    57 |    81 |   202 |     6 ||   346
  Block: Kite shield       |       |       |     8 |    16 ||    24
   Form: Maw               |       |       |     2 |       ||     2
                           |       |       |     1 |       ||     1

Table legend: (Time is in decaauts)
 A = Elapsed time spent in this place.
 B = Non-inter-level travel time spent in this place.
 C = Inter-level travel time spent in this place.
 D = Time resting spent in this place.
 E = Time spent auto-exploring this place.
 F = Levels seen in this place.
 G = Mean time per level.
                   A        B        C        D        E       F      G
               +--------+--------+--------+--------+--------+-----+--------+
         Total |   7946 |   7683 |    263 |    577 |   5349 |  11 |  722.4 |
       Dungeon |   7159 |   6905 |    254 |    541 |   4865 |   9 |  795.4 |
        Temple |     20 |     11 |      9 |      0 |      0 |   1 |   20.0 |
         Sewer |    766 |    766 |      0 |     36 |    483 |   1 |  766.0 |
               +--------+--------+--------+--------+--------+-----+--------+

Top non-repeatable levels by time:
     D:7: 1467 daAuts
     D:5: 1197 daAuts
     D:6: 924 daAuts
     D:8: 855 daAuts
     D:3: 771 daAuts
   Sewer: 766 daAuts
     D:4: 628 daAuts
     D:2: 574 daAuts
     D:1: 553 daAuts
     D:9: 186 daAuts
  Temple: 20 daAuts
